 Dungeon Crawl Stone Soup version 0.32-a0-872-g59262bdc9b (webtiles) character file.

Game seed: 12398629261236737035

236 LobsterGuardian the Apothecary (level 5, -5/38 HPs)
             Began as an Armataur Alchemist on Mar 21, 2024.
             Slain by an ogre
             ... wielding a +0 giant club
              (36 damage)
             ... on level 3 of the Dungeon on Mar 31, 2024.
             The game lasted 00:06:49 (3428 turns).

LobsterGuardian the Apothecary (Armataur Alchemist) Turns: 3428, Time: 00:06:50

Health: -5/38      AC:  6    Str: 13    XL:     5   Next: 77%
Magic:  7/9        EV:  8    Int: 17    God:
Gold:   120        SH:  0    Dex: 11    Spells: 3/9 levels left

rFire   . . .        q - +0 dagger
rCold   . . .        (no shield)
rNeg    . . .        g - +0 leather armour
rPois   .            (no helmet)
rElec   .            (no cloak)
rCorr   .            e - +1 pair of gloves
SInv    .            (no barding)
Will    .....        (no amulet)
Stlth   ++           (no ring)
HPRegen 0.26/turn    (no ring)
MPRegen 0.11/turn

%: roll
@: very slightly contaminated
A: large, deformed body, tough skin 3, armoured tail, rollpage 1
a: no special abilities


You were on level 3 of the Dungeon.
You visited 1 branch of the dungeon, and saw 4 of its levels.

You collected 120 gold pieces.

Inventory:

Hand Weapons
 q - a +0 dagger (weapon)
Armour
 e - a +1 pair of gloves (worn)
 g - a +0 leather armour (worn)
Scrolls
 a - a scroll of fear {unknown}
 d - a scroll of teleportation
 i - a scroll of vulnerability {unknown}
 j - a scroll of acquirement {unknown}
 m - a scroll of blinking {unknown}
 n - a scroll of amnesia {unknown}
Potions
 b - a potion of magic
 f - a potion of degeneration {unknown}
 h - 2 potions of brilliance {unknown}
 k - a potion of cancellation {unknown}
 l - a potion of lignification
 o - a potion of curing {unknown}
 p - a potion of resistance


   Skills:
 + Level 1.9 Armour
 + Level 1.7 Dodging
 + Level 2.7 Stealth
 + Level 2.7 Spellcasting
 + Level 2.0 Conjurations
 * Level 4.4 Alchemy


You had 3 spell levels left.
You knew the following spells:

 Your Spells              Type           Power      Damage    Failure   Level
a - Sting                 Conj/Alch      52%        1d6       6%          1
b - Mercury Vapours       Alch/Air       18%        N/A       14%         2
c - Mephitic Cloud        Conj/Alch/Air  9%         N/A       28%         3

Your spell library contained the following spells:

 Spells                   Type           Power      Damage    Failure   Level
 Scorch                   Fire           4%         2d5       34%         2
 Olgreb's Toxic Radiance  Alch           17%        N/A       36%         4
 Sticky Flame             Fire/Alch      9%         2d5       67%         4
 Flame Wave               Conj/Fire      5%         2d5       83%         4
 Summon Cactus Giant      Summ           1%         N/A       100%        6


Dungeon Overview and Level Annotations

Branches:
Dungeon (4/15)
 Temple: D:4-7

Altars:

Shops:
D:2 [


Innate Abilities, Weirdness & Mutations

Armour fits poorly on your strangely shaped body.
You have extremely tough skin. (AC +3)
You have a long armoured tail.
You regenerate magic when rolling toward enemies. (Rampage MPRegen)


Message History

Your Conjurations skill increases to level 2!
Unknown command.
HP restored.
Done exploring.
Okay, then.
Done exploring.
Done exploring.
Done exploring.
You climb downwards.
The adder is no longer weakened.
The adder bites you.
You are poisoned.
The adder poisons you! The ogre barely misses you.
The adder bites you but does no damage.
There is a stone staircase leading up here.
Things that are here:
a +0 ring mail; a +0 short sword; an orc corpse Unknown command.
Unknown command.
Unknown command.
Okay, then.
You feel sick.
The kobold is no longer weakened.
The adder bites you but does no damage. The ogre barely misses you.
The adder closely misses you.
You climb upwards.
You feel sick.
There is a stone staircase leading down, spattered with blood here.
Unknown command.
Unknown command.
Unknown command.
Casting: Sting (safe; 6% risk of failure)
Confirm with . or Enter, or press ? or * to list all spells.
Aiming: Mercury Vapours (safe; 14% risk of failure)
Press: ? - help, Dir - move target, f - adder
Aim: an adder (chance to weaken: 100%)
You miscast Mercury Vapours.
You are very lightly contaminated with residual magic.
Nothing appears to happen.
You feel sick.
You are no longer poisoned.
The adder bites you.
The ogre hits you with a +0 giant club!!!
Ouch! That really hurt!
You die...

....# # #...# #
##### ########## #
### #........# #
..#
#.######.###### #
..# #.# #.......#
# ..######## #.#
###.....#.# #
......<..#
#S###.......#.####
..######>#
#@O.....(.........
..# #.#
#####.#.#####.###.
..# #.#
#.#.#####.##.. ..#
#.# #.#.......###.
### #.#
#.######### ## #
###.#### #.# # #
#......# #.# # ##
#..###.# #.# ##
.## #..# #.# #.#
##.


You could see an ogre and an adder.

Vanquished Creatures
  A phantom (D:3)
  A hound (D:3)
  Terence (D:2)
  5 adders
  A dart slug (D:2)
  An orc (D:4)
  7 ball pythons
  3 endoplasms
  A giant cockroach (D:2)
  6 goblins
  4 hobgoblins
  10 jackals (D:1)
  4 quokkas
  2 bats
  3 frilled lizards
  4 kobolds
  5 rats
59 creatures vanquished.

Notes
Turn   | Place    | Note
-------+----------+-------------------------------------------
     0 | D:1      | LobsterGuardian the Armataur Alchemist began the quest for
                  | the Orb.
     0 | D:1      | Reached XP level 1. HP: 14/14 MP: 3/3
    98 | D:1      | Reached skill level 3 in Alchemy
   349 | D:1      | Reached XP level 2. HP: 20/20 MP: 2/4
   350 | D:1      | Upgraded the game from 0.32-a0-791-gfc315c9ecd to
                  | 0.32-a0-872-g59262bdc9b
   961 | D:1      | Reached XP level 3. HP: 20/26 MP: 4/6
  1264 | D:2      | Reached skill level 1 in Conjurations
  1601 | D:2      | Found Backyes's Antique Armour Emporium.
  1681 | D:2      | Noticed Terence
  1691 | D:2      | Killed Terence
  1692 | D:2      | Reached skill level 4 in Alchemy
  1692 | D:2      | Reached XP level 4. HP: 19/33 MP: 0/7
  2055 | D:3      | Learned a level 2 spell: Mercury Vapours
  2059 | D:3      | Learned a level 3 spell: Mephitic Cloud
  2723 | D:3      | Noticed a phantom
  2747 | D:3      | Killed a phantom
  2748 | D:3      | Reached XP level 5. HP: 32/38 MP: 5/9
  3336 | D:4      | Noticed an ogre
  3352 | D:3      | Reached skill level 1 in Armour
  3428 | D:3      | Slain by an ogre

Illustrated notes

Levels and vault maps discovered:
D:1:      dpeg_arrival_rhombus, layout_loops_corners,
          amcnicky_mini_rare_corridor_liquid
D:2:      layout_rooms, serial_shops, shop, uniq_terence
D:3:      layout_loops_corners
D:4:      layout_layer_cave

Skill      XL: |  1  2  3  4  5 |
---------------+----------------+-----
Alchemy        | 3 4 |  4.4
Spellcasting   | 2 |  2.7
Conjurations   | 1 2 |  2.0
Armour         | 1 |  1.9
Dodging        | |  1.7
Stealth        | |  2.7

Action                     |  1- 3 |  4- 6 || total
---------------------------+-------+-------++-------
  Melee: Unarmed           |    24 |       ||    24
         Tailslap          |     1 |     3 ||     4
         Dagger            |       |    42 ||    42
   Cast: Sting             |    76 |    41 ||   117
         Mercury Vapours   |       |     1 ||     1
    Use: Scroll            |     1 |     5 ||     6
   Stab: Sleeping          |     1 |     2 ||     3
 Armour: Robe              |    35 |     7 ||    42
         Leather armour    |       |    45 ||    45
  Dodge: Dodged            |    25 |    32 ||    57

Table legend: (Time is in decaauts)
 A = Elapsed time spent in this place.
 B = Non-inter-level travel time spent in this place.
 C = Inter-level travel time spent in this place.
 D = Time resting spent in this place.
 E = Time spent auto-exploring this place.
 F = Levels seen in this place.
 G = Mean time per level.
                   A        B        C        D        E       F      G
               +--------+--------+--------+--------+--------+-----+--------+
         Total |   3429 |   3231 |    198 |      0 |   2814 |   4 |  857.2 |
       Dungeon |   3429 |   3231 |    198 |      0 |   2814 |   4 |  857.2 |
               +--------+--------+--------+--------+--------+-----+--------+

Top non-repeatable levels by time:
     D:1: 1298 daAuts
     D:3: 1287 daAuts
     D:2: 750 daAuts
     D:4: 93 daAuts
